 Dungeon Crawl Stone Soup version 0.31.0-11-ge490571c62 (webtiles) character file.

Game seed: 14064103013899388212

282 Flugkiller the Trooper (level 6, 0/56 HPs)
             Began as a Minotaur Fighter on Jan 28, 2024.
             Slain by a gnoll
             ... wielding a +0 whip
             ... led by a gnoll bouda
              (1 damage)
             ... on level 5 of the Dungeon.
             The game lasted 00:01:13 (1910 turns).

Flugkiller the Trooper (Minotaur Fighter)           Turns: 1910, Time: 00:01:13

Health: 0/56       AC:  8    Str: 22    XL:     6   Next: 6%
Magic:  5/5        EV:  9    Int:  5    God:
Gold:   85         SH:  4    Dex: 10    Spells: 5/5 levels left

rFire   . . .        a - +0 war axe
rCold   . . .        c - +0 buckler
rNeg    . . .        b - +0 scale mail
rPois   .            (helmet restricted)
rElec   .            k - +0 cloak
rCorr   .            (no gloves)
SInv    .            (no boots)
Will    .....        (no amulet) Stlth
                     (no ring)
HPRegen 0.29/turn    (no ring)
MPRegen 0.09/turn

%: no passive effects
@: no status effects
A: horns 2, retaliatory headbutt
a: no special abilities


You were on level 5 of the Dungeon.
You visited 1 branch of the dungeon, and saw 5 of its levels.

You collected 85 gold pieces.

Inventory:

Hand Weapons
 a - a +0 war axe (weapon)
Missiles
 d - a throwing net (quivered)
Armour
 b - a +0 scale mail (worn)
 c - a +0 buckler (worn)
 k - a +0 cloak (worn)
   (You found it on level 3 of the Dungeon)
Jewellery
 l - a ring of wizardry
   (You found it on level 3 of the Dungeon)
Scrolls
 h - a scroll of revelation
 i - a scroll of fear
 t - 2 scrolls of teleportation


   Skills:
 * Level 5.6 Fighting
 * Level 4.9 Axes
 + Level 4.6 Armour
 + Level 4.5 Shields


You had 5 spell levels left.
You didn't know any spells.
Your spell library was empty.

Dungeon Overview and Level Annotations

Branches:
Dungeon (6/15)
 Temple: D:4-7

Altars:

Shops:
D:1 [   D:6 =


Innate Abilities, Weirdness & Mutations

You have a pair of horns on your head.
You reflexively headbutt those who attack you in melee.


Message History

The gnoll is heavily wounded.
The gnoll bouda calls upon its god to heal the gnoll.
The gnoll is healed somewhat.
The gnoll hits you with a +0 flail.
The gnoll bouda calls upon its god to heal the gnoll.
The gnoll's wounds heal themselves!
The gnoll hits you with a +0 flail.
You hear a shout!
You closely miss the gnoll. The gnoll hits you with a +0 flail.
A gnoll comes into view. It is wielding a +0 whip.
You closely miss the gnoll.
You headbutt the gnoll, but do no damage.
An ogre comes into view. It is wielding a +0 giant spiked club.
The gnoll hits you with a +0 flail.
You hit the gnoll.
The gnoll is lightly wounded.
The gnoll barely misses you.
You hit the gnoll bouda but do no damage.
Your headbutt misses the gnoll bouda.
You hit the gnoll bouda but do no damage.
You headbutt the gnoll bouda.
The gnoll bouda is lightly wounded.
The gnoll bouda gazes fiercely through you!
You feel your attacks grow feeble.
The gnoll bouda hits you with a +0 club.
You feel much better.
The gnoll bouda hits you with a +0 club.
You hit the gnoll bouda.
The gnoll bouda is moderately wounded.
You slash the ogre!
The gnoll bouda hits you with a +0 club.
The ogre barely misses you. You furiously retaliate!
You headbutt the ogre.
The gnoll bouda hits you but does no damage.
You barely miss the ogre.
The ogre is heavily wounded.
You completely miss the gnoll bouda.
The ogre hits you with a +0 giant spiked club!!
The gnoll bouda hits you with a +0 club!
* * * LOW HITPOINT WARNING * * *
You are too injured to fight recklessly!
You hit the ogre.
The ogre is heavily wounded.
You closely miss the gnoll bouda.
Your attacks no longer feel as feeble.
The gnoll bouda hits you with a +0 club.
* * * LOW HITPOINT WARNING * * *
The ogre misses you. You furiously retaliate!
You headbutt the ogre.
You are too injured to fight recklessly!
You hit the ogre. Your headbutt misses the ogre.
The ogre is severely wounded.
You hit the gnoll bouda.
The gnoll is no longer moving quickly.
The gnoll bouda barks out a call to the hunt!
The gnoll picks up the pace!
The ogre misses you.
The gnoll bouda gazes fiercely through you!
You feel your attacks grow feeble.
The gnoll bouda hits you but does no damage.
You slash the ogre!
You kill the ogre!
You hit the gnoll bouda.
The gnoll is no longer moving quickly. x2
The gnoll bouda barely misses you.
You are too injured to fight recklessly!
You hit the gnoll bouda.
The gnoll bouda is almost dead.
The gnoll bouda prays to its god.
The gnoll bouda is healed somewhat.
You are too injured to fight recklessly!
You slash the gnoll bouda!
The gnoll bouda is almost dead.
The gnoll bouda hits you with a +0 club.
* * * LOW HITPOINT WARNING * * *
The gnoll bouda gazes fiercely through you!
You feel as though you will be weak longer.
The gnoll bouda hits you with a +0 club.
* * * LOW HITPOINT WARNING * * *
You hit the gnoll bouda.
You kill the gnoll bouda!
You have reached level 6!
It was a potion of magic.
Magic courses through your body. The gnoll barely misses you.
You furiously retaliate!
You headbutt the gnoll, but do no damage.
You barely miss the gnoll. You headbutt the gnoll!
The gnoll is heavily wounded.
The gnoll barely misses you. The gnoll completely misses you.
You furiously retaliate!
You headbutt the gnoll. You hit the gnoll.
You kill the gnoll!
The gnoll hits you with a +0 whip.
* * * LOW HITPOINT WARNING * * *
You slash the gnoll! Your headbutt misses the gnoll.
The gnoll is severely wounded.
The gnoll hits you with a +0 whip.
* * * LOW HITPOINT WARNING * * *
You hit the gnoll but do no damage.
The gnoll is severely wounded.
The gnoll hits you with a +0 whip.
* * * LOW HITPOINT WARNING * * *
You closely miss the gnoll.
The gnoll is severely wounded.
Your attacks no longer feel as feeble.
The gnoll hits you with a +0 whip.
You die...

###.#.##.#>.##...
......##.#..# #.#
#.#.........# .#
#.#..###.#.## #
#.#..##....#
##.......#..#
#.....##...##
#)###.###.## #@#
#.# #.# #g# #.#
#.# #g# #.. ...
.g. ...##.## .##
##....# #? ### #.
#.


You could see 3 gnolls.

Vanquished Creatures
  2 ogres
  A gnoll bouda (D:5)
  A gnoll (D:5)
  A white imp (D:6)
  A dart slug (D:3)
  4 orcs
  2 bats
  6 endoplasms (D:1)
  A giant cockroach (D:1)
  4 hobgoblins
  8 jackals
  3 quokkas
  2 ball pythons
  7 goblins
  4 kobolds (D:1)
  2 rats (D:1)
49 creatures vanquished.

Notes
Turn   | Place    | Note
-------+----------+-------------------------------------------
     0 | D:1      | Flugkiller the Minotaur Fighter began the quest for the
                  | Orb.
     0 | D:1      | Reached XP level 1. HP: 19/19 MP: 0/0
    61 | D:1      | Found Fyddog's Armour Boutique.
    79 | D:1      | Reached XP level 2. HP: 24/27 MP: 1/1
   241 | D:1      | Reached skill level 4 in Fighting
   463 | D:1      | Reached XP level 3. HP: 31/33 MP: 2/2
  1701 | D:3      | You fall into a shaft and drop 3 floors!
  1785 | D:6      | Noticed an ogre
  1786 | D:6      | Noticed a gnoll sergeant
  1797 | D:6      | Found Egouniwe's Jewellery Shop.
  1797 | D:6      | Noticed an ogre
  1812 | D:6      | Killed an ogre
  1813 | D:6      | Reached skill level 5 in Fighting
  1813 | D:6      | Reached XP level 4. HP: 42/42 MP: 3/3
  1813 | D:6      | Reached XP level 5. HP: 48/48 MP: 4/4
  1843 | D:5      | Entered Level 5 of the Dungeon
  1892 | D:5      | Noticed an ogre
  1901 | D:5      | Killed an ogre
  1905 | D:5      | Reached XP level 6. HP: 7/56 MP: 5/5
  1909 | D:5      | HP: 1/56 [gnoll/+0 whip[a gnoll bouda] (4)]
  1910 | D:5      | Slain by a gnoll

Illustrated notes

Levels and vault maps discovered:
D:1:      dpeg_arrival_round_a, layout_basic, serial_shops, shop,
          roderic_cross_of_infinity, minmay_misc_feat_encased
D:2:      layout_rooms
D:3:      layout_basic, bloody_makhleb, lightli_temple_of_fire, serial_curves,
          eino_curves_01, eino_curves_04, eino_curves_02,
          biasface_ghost_orc_armoury, patterned_corridor
D:5:      wad_lake_hut, layout_loops_ring, uniq_pikel
D:6:      layout_layer_cave, serial_shops, nicolae_shop_advertising_works
          [nicolae_subvault_shop_adworks], portal_sewer_entry_e,
          minmay_shop_enchanted_jewellery, minmay_a_box_with_orc_wizards_in_it

Skill      XL: |  1  2  3 |
---------------+----------+-----
Axes           | 3 4 |  4.9
Fighting       | 4 5 |  5.6
Armour         | 4 |  4.6
Shields        | 4 |  4.5

Action                     |  1- 3 |  4- 6 || total
---------------------------+-------+-------++-------
  Melee: War axe           |    91 |    24 ||   115
         Headbutt          |    12 |     4 ||    16
    Use: Scroll            |     2 |     3 ||     5
         Potion            |     2 |     2 ||     4
 Armour: Scale mail        |    66 |    21 ||    87
  Dodge: Dodged            |    39 |     9 ||    48
  Block: Buckler           |    19 |       ||    19
